 Dungeon Crawl Stone Soup version 0.19.1 (console) character file.

52882 LostLotus the Frost Mage (level 13, -4/108 HPs)
             Began as a Demigod Ice Elementalist on Nov 26, 2016.
             Killed from afar by a deep elf knight (33 damage)
             ... with a shard of ice
             ... on level 1 of the Orcish Mines.
             The game lasted 01:09:10 (27649 turns).

LostLotus the Frost Mage (DgIE)                    Turns: 27649, Time: 01:09:10

Health: -4/108     AC: 17    Str: 11    XL:     13   Next: 96%
Magic:  27/27      EV: 19    Int: 27    God:
Gold:   2072       SH:  6    Dex: 19    Spells: 5 memorised, 12 levels left

rFire  + . .     SeeInvis .     M - +6 double sword (drain)
rCold  . . .     Gourm    .     Q - +3 robe "Goipoela" {rPois rN+ Dex+3}
rNeg   + . .     Faith    .     g - +0 buckler {AC+3}
rPois  +         Spirit   .     V - +2 helmet
rElec  .         Reflect  .     D - +1 cloak
rCorr  .         Harm     .     J - +2 pair of gloves
MR     ++...                    H - +0 pair of boots {Fly}
Stlth  ++........               N - amulet of magic regeneration
                                w - ring of protection from magic
                                p - ring of protection from fire

@: flying
A: high mp 1
a: Stop Flying


You were on level 1 of the Orcish Mines.
You were hungry.

You visited 3 branches of the dungeon, and saw 19 of its levels.
You also visited: Ossuary, Bailey and Volcano.

You collected 2440 gold pieces.
You spent 368 gold pieces at shops.

Inventory:

Hand Weapons
 M - a +6 double sword of draining (weapon)
Armour
 g - a +0 buckler of protection (worn)
 D - a +1 cloak (worn)
 H - a +0 pair of boots of flying (worn)
 J - a +2 pair of gloves (worn)
 Q - the +3 robe "Goipoela" (worn) {rPois rN+ Dex+3}
   (You found it in a bailey)

   It affects your dexterity (+3).
   It protects you from poison.
   It protects you from negative energy.
 V - a +2 helmet (worn)
Jewellery
 a - an uncursed ring of ice
 p - a ring of protection from fire (left hand)
 w - a ring of protection from magic (right hand)
 G - an uncursed ring of protection from fire
 N - an amulet of magic regeneration (around neck)
 Y - an uncursed ring of wizardry
Wands
 K - a wand of teleportation (7/9)
 O - a wand of lightning (3/15)
 R - a wand of paralysis (13/24)
 Z - a wand of digging (8/24)
Scrolls
 h - 10 scrolls of teleportation
 l - 5 scrolls of magic mapping
 q - 2 scrolls of fog
 r - 2 scrolls of enchant armour
 u - 4 scrolls of fear
 v - 7 scrolls of remove curse
 z - 2 scrolls of blinking
 C - 2 scrolls of recharging
 S - 3 scrolls of amnesia
 T - 4 scrolls of identify
Potions
 d - 3 potions of might
 e - 2 potions of cure mutation
 i - 4 potions of haste
 k - 7 potions of curing
 n - 9 potions of heal wounds
 s - 2 potions of agility
 x - a potion of cancellation
 E - 7 potions of brilliance
Books
 b - a book of Frost

   Spells                             Type                      Level
   a - Freeze                         Ice                          1
   b - Throw Frost                    Conjuration/Ice              2
   c - Ozocubu's Armour               Charms/Ice                   3
   d - Throw Icicle                   Conjuration/Ice              4
   e - Summon Ice Beast               Ice/Summoning                4
 f - a book of Party Tricks

   Spells                             Type                      Level
   a - Summon Butterflies             Summoning                    1
   b - Apportation                    Translocation                1
   c - Lesser Beckoning               Translocation                3
   d - Tukima's Dance                 Hexes                        3
   e - Alistair's Intoxication        Transmutation/Poison         5
   f - Invisibility                   Hexes                        6
 j - a book of Geomancy

   Spells                             Type                      Level
   a - Sandblast                      Earth                        1
   b - Passwall                       Transmutation/Earth          2
   c - Stone Arrow                    Conjuration/Earth            3
   d - Petrify                        Transmutation/Earth          4
   e - Lee's Rapid Deconstruction     Earth                        5
 y - a book of Battle

   Spells                             Type                      Level
   a - Infusion                       Charms                       1
   b - Shroud of Golubria             Charms/Translocation         2
   c - Song of Slaying                Charms                       2
   d - Spectral Weapon                Hexes/Charms                 3
   e - Regeneration                   Charms/Necromancy            3
 L - a book of Maledictions

   Spells                             Type                      Level
   a - Corona                         Hexes                        1
   b - Ensorcelled Hibernation        Hexes/Ice                    2
   c - Confuse                        Hexes                        3
   d - Tukima's Dance                 Hexes                        3
   e - Dazzling Spray                 Conjuration/Hexes            3
Miscellaneous
 W - a fan of gales
Comestibles
 c - 10 bread rations
 m - 5 meat rations
 A - 6 fruits
 F - 6 slices of pizza
 P - 2 beef jerkies


   Skills:
 + Level 8.6 Fighting
 + Level 11.1 Long Blades
 - Level 9.0 Dodging
 - Level 1.7 Stealth
 - Level 4.0 Shields
 - Level 7.0 Spellcasting
 - Level 6.0 Conjurations
 - Level 13.0 Ice Magic


You had 12 spell levels left.
You knew the following spells:

 Your Spells              Type           Power        Failure   Level  Hunger
a - Freeze                Ice            ####         1%          1    None
b - Throw Frost           Conj/Ice       ######       1%          2    None
c - Throw Icicle          Conj/Ice       ######..     1%          4    ##.....
d - Summon Ice Beast      Ice/Summ       #####...     4%          4    ##.....
e - Ozocubu's Armour      Chrm/Ice       #####...     1%          3    None


Dungeon Overview and Level Annotations

Branches:
Dungeon (11/15)            Temple (0/1) D:4            Lair (6/6) D:9
  Swamp (0/4) Lair:2        Snake (0/4) Lair:2        Slime (0/5) Lair:6
    Orc (2/2) D:10            Elf (0/3) Orc:2

Shops:
D:5 *   D:8 ?:(:

Annotations:
D:4 exclusion: phantom


Innate Abilities, Weirdness & Mutations

You have an increased reservoir of magic. (+10% MP)


Message History

The deep elf mage blinks!
You block the deep elf mage's attack.
The deep elf mage mumbles some strange words.
The deep elf mage blinks!
The deep elf mage completely misses you.
You hear some strange, mumbled words.
A shard of ice appears from out of thin air!
The shard of ice hits you!
You hear some strange, mumbled words.
A shard of ice appears from out of thin air!
The shard of ice hits you! The deep elf mage casts a spell at you.
The bolt of cold hits you!
The deep elf mage casts a spell.
The deep elf mage blinks!
Something hits you.
* * * LOW HITPOINT WARNING * * *
You hear some strange, mumbled words.
A shard of ice appears from out of thin air!
The shard of ice hits you!
You die...

#....##........O...........
##....#....................
##............/..#.........
#..........................
###..........................
##.#..........o....##........#
##.................#......#....
###.......).................##...
.#.#.........^..@....#..##.####..
....#......><...#....####### #..
.#........#.##...#..## ##.
###.#..#.######.##### ## ########
###


You could see an orc warlord.

Vanquished Creatures
  An acid blob (Lair:6)
  Gastronok (D:10)
  An entropy weaver (Lair:5)
  Josephine (D:9)
  Harold (Lair:1)
  6 hydras
  A catoblepas (Lair:6)
  An ogre mage (Volcano)
  A hell knight (Volcano)
  A hill giant (D:10)
  An orc sorcerer (Orc:1)
  A manticore (D:11)
  3 black mambas
  2 elephants (Lair:2)
  2 molten gargoyles (Volcano)
  Maurice (D:8)
  Psyche (D:10)
  16 spiny frogs
  An ice statue (Lair:4)
  2 centaur skeletons
  4 komodo dragons
  4 two-headed ogres (Volcano)
  4 tyrant leeches (Lair:6)
  7 hippogriffs
  A slime creature (Lair:6)
  6 blink frogs
  2 dream sheep
  3 wyverns
  11 yaks
  2 fire bats (Volcano)
  A basilisk (Lair:1)
  A vampire mosquito (Lair:5)
  2 wargs (Orc:1)
  A mottled dragon (D:11)
  9 soldier ants
  11 water moccasins
  5 porcupines
  12 orc warriors
  An ice beast (D:6)
  4 sky beasts
  3 black bears
  A phantom (D:9)
  7 ogres
  2 centaurs
  9 crocodiles
  2 big kobolds (D:8)
  18 bullfrogs
  6 scorpions
  8 killer bees
  6 electric eels
  10 howler monkeys
  5 crimson imps
  5 lava snakes (Volcano)
  4 centaur zombies
  5 hounds
  3 jellies
  2 quasits
  5 orc priests
  19 orc wizards
  A bullfrog skeleton (D:11)
  2 iguanas
  Ijyb (D:4)
  Natasha (thrice) (D:2)
  12 worker ants
  A big kobold zombie (Ossuary)
  A hound zombie (D:6)
  A worker ant zombie (D:11)
  Robin (D:2)
  8 gnolls
  10 adders
  A shadow imp (D:7)
  An adder zombie (D:9)
  An ooze (D:3)
  2 adder skeletons
  4 worms
  4 dart slugs (D:1)
  6 leopard geckos
  49 orcs
  8 giant cockroaches
  24 goblins
  11 hobgoblins
  13 jackals
  6 kobolds
  3 quokkas
  11 bats
  6 frilled lizards
  2 leopard gecko skeletons
  A quokka zombie (D:6)
  8 rats
458 creatures vanquished.

Vanquished Creatures (collateral kills)
  An entropy weaver (Lair:4)
  3 hydras
  Erica (D:9)
  A queen ant (Lair:4)
  Urug (Lair:2)
  An orc knight (Bailey)
  An ugly thing (D:11)
  A cyclops (D:10)
  A black mamba (Lair:6)
  4 elephants (Lair:2)
  11 spiny frogs
  4 komodo dragons
  3 hippogriffs
  A slime creature (Lair:6)
  5 dream sheep
  8 blink frogs
  18 yaks
  4 wraiths
  2 basilisks
  A wyvern (Lair:6)
  A hungry ghost (D:7)
  3 vampire mosquitoes (Lair:6)
  6 water moccasins
  2 porcupines (Lair:3)
  The ghost of btp524 the Chiller, an amateur GrIE (Ossuary)
  13 soldier ants
  4 orc warriors (Bailey)
  A hornet zombie (D:9)
  2 ice beasts
  2 ogres
  3 wolves (Lair:3)
  5 crocodiles
  A big kobold (D:8)
  An elf zombie (Ossuary)
  6 bullfrogs
  A killer bee (D:7)
  4 wights (D:7)
  An electric eel (Lair:1)
  A quasit (D:7)
  3 orc wizards
  2 human zombies (Ossuary)
  12 worker ants
  3 big kobold zombies (Ossuary)
  4 mummies (Ossuary)
  A shadow imp (D:9)
  An adder zombie (Ossuary)
  7 orcs
  A hobgoblin zombie (Ossuary)
  A jackal zombie (Ossuary)
  A kobold zombie (Ossuary)
  A rat zombie (Ossuary)
  A plant (Lair:6)
168 creatures vanquished.

Vanquished Creatures (others)
  A killer bee (D:9)
  3 fungi (Lair:6)
  40 plants
44 creatures vanquished.

Grand Total: 670 creatures vanquished

Notes
Turn   | Place    | Note
-------+----------+-------------------------------------------
     0 | D:1      | LostLotus the Demigod Ice Elementalist began the quest for the Orb.
     0 | D:1      | Reached XP level 1. HP: 14/14 MP: 5/5
    51 | D:1      | Reached skill level 3 in Ice Magic
   284 | D:1      | Reached XP level 2. HP: 11/20 MP: 0/7
   815 | D:1      | Learned a level 2 spell: Throw Frost
   855 | D:1      | Reached XP level 3. HP: 22/26 MP: 2/8
  1032 | D:1      | Reached skill level 4 in Ice Magic
  1319 | D:2      | Noticed Natasha
  1326 | D:2      | Killed Natasha
  1326 | D:2      | Reached XP level 4. HP: 21/33 MP: 9/9
  1533 | D:2      | Noticed Natasha
  1536 | D:2      | Reached skill level 1 in Shields
  1546 | D:2      | Killed Natasha
  1649 | D:2      | Noticed Natasha
  1653 | D:2      | Killed Natasha
  1796 | D:2      | Reached XP level 5. HP: 35/38 MP: 8/10
  1917 | D:2      | Noticed Robin
  2195 | D:2      | Killed Robin
  2284 | D:2      | Learned a level 4 spell: Throw Icicle
  2388 | D:2      | You fall through a shaft!
  2641 | D:2      | Reached skill level 1 in Conjurations
  2796 | D:3      | Reached skill level 5 in Ice Magic
  2834 | D:3      | Noticed Ijyb
  3404 | D:4      | Noticed a phantom
  3668 | D:4      | Found a staircase to the Ecumenical Temple.
  3688 | D:4      | Reached XP level 6. HP: 41/45 MP: 12/12
  3720 | D:4      | Killed Ijyb
  4087 | D:4      | Noticed a hippogriff
  4100 | D:4      | Killed a hippogriff
  4326 | D:5      | Entered Level 5 of the Dungeon
  4371 | D:5      | Reached XP level 7. HP: 40/50 MP: 13/13
  4433 | D:4      | Reached skill level 6 in Ice Magic
  4789 | D:5      | Found Jimiufol's General Store.
  5819 | D:5      | Reached XP level 8. HP: 34/57 MP: 9/14
  5943 | D:5      | Learned a level 4 spell: Summon Ice Beast
  6005 | D:6      | Reached skill level 7 in Ice Magic
  6359 | D:6      | Reached skill level 5 in Conjurations
  7200 | D:7      | Reached skill level 8 in Ice Magic
  7838 | D:8      | Noticed Maurice
  7900 | D:8      | Found Bouler's Book Shoppe.
  7954 | D:8      | Found Itwoidi's Magic Scroll Boutique.
  8007 | D:8      | Found a sand-covered staircase.
  8036 | Ossuary  | Entered an ossuary
  8069 | Ossuary  | Reached XP level 9. HP: 51/62 MP: 5/16
  8073 | Ossuary  | Noticed btp524's ghost (amateur GrIE)
  8271 | Ossuary  | Killed btp524's ghost
  8809 | D:8      | Found Keril's Antique Weapon Emporium.
  8810 | D:8      | Found Baanat's Book Shoppe.
  8935 | D:8      | Reached skill level 9 in Ice Magic
  9311 | D:7      | HP: 3/62 [killer bee (4)]
  9819 | D:8      | Reached skill level 5 in Spellcasting
  9883 | D:8      | Killed Maurice
 10100 | D:8      | Bought a scroll of fear for 42 gold pieces
 10100 | D:8      | Bought a scroll of remove curse for 36 gold pieces
 10100 | D:8      | Bought a scroll of teleportation for 36 gold pieces
 10290 | D:8      | Noticed a three-headed hydra
 10316 | D:8      | Killed a three-headed hydra
 10316 | D:8      | Reached skill level 10 in Ice Magic
 10568 | D:8      | Bought an ebony long sword for 127 gold pieces
 10568 | D:8      | Identified the cursed +2 long sword of Ryfillo {speed, rElec MR+} (You bought it in a shop on level 8 of the Dungeon)
 10572 | D:8      | Bought a crude long sword for 127 gold pieces
 10572 | D:8      | Identified the +6 long sword of Untimely Demise {freeze, MR+} (You bought it in a shop on level 8 of the Dungeon)
 10723 | D:9      | Reached XP level 10. HP: 69/69 MP: 22/22
 11259 | D:9      | Found an iron altar of Okawaru.
 11335 | D:9      | Found a staircase to the Lair.
 11498 | D:10     | Entered Level 10 of the Dungeon
 11498 | D:10     | Noticed Josephine
 11746 | D:9      | HP: 3/69 [wraith[Josephine] (12)]
 12072 | D:10     | Noticed Erica
 12476 | Lair:1   | Entered Level 1 of the Lair of Beasts
 12715 | Lair:1   | Noticed a black mamba
 12914 | Lair:1   | Learned a level 3 spell: Ozocubu's Armour
 12923 | Lair:1   | Killed a black mamba
 12923 | Lair:1   | Reached skill level 11 in Ice Magic
 12989 | Lair:1   | Noticed a seven-headed hydra
 12996 | Lair:1   | Killed a seven-headed hydra
 13007 | Lair:1   | Noticed Harold
 13189 | Lair:1   | Killed Harold
 13374 | Lair:1   | Noticed a four-headed hydra
 14086 | Lair:2   | Noticed a four-headed hydra
 14095 | Lair:2   | Killed a four-headed hydra
 14095 | Lair:2   | Reached XP level 11. HP: 50/74 MP: 12/25
 14132 | Lair:2   | Reached skill level 5 in Dodging
 14144 | Lair:2   | Killed a four-headed hydra
 14210 | Lair:2   | Found a staircase to the Swamp.
 14226 | Lair:2   | Reached skill level 12 in Ice Magic
 14506 | Lair:2   | Found a staircase to the Snake Pit.
 14508 | Lair:2   | Noticed Urug
 14533 | Lair:2   | Killed Urug
 16408 | Lair:3   | Found a radiant altar of Vehumet.
 16431 | Lair:3   | Noticed a six-headed hydra
 16440 | Lair:3   | Killed a six-headed hydra
 16713 | Lair:4   | Reached skill level 13 in Ice Magic
 16722 | Lair:4   | Reached skill level 1 in Fighting
 16733 | Lair:4   | Identified a scroll of acquirement
 17960 | Lair:5   | Reached XP level 12. HP: 77/86 MP: 21/26
 18954 | Lair:5   | Reached skill level 1 in Long Blades
 19182 | Lair:5   | Noticed an entropy weaver
 19258 | Lair:4   | Reached skill level 5 in Fighting
 19500 | Lair:4   | Killed an entropy weaver
 19765 | Lair:5   | Noticed an entropy weaver
 19929 | Lair:5   | Killed an entropy weaver
 20615 | Lair:6   | Entered Level 6 of the Lair of Beasts
 20881 | Lair:6   | Noticed a catoblepas
 20942 | Lair:6   | Killed a catoblepas
 20957 | Lair:6   | Reached skill level 5 in Long Blades
 21827 | Lair:6   | Reached XP level 13. HP: 43/105 MP: 7/27
 22186 | Lair:6   | Found a glowing golden altar of the Shining One.
 22723 | Lair:6   | Found a staircase to the Slime Pits.
 23169 | Lair:6   | Noticed an acid blob
 23176 | Lair:6   | Killed an acid blob
 23554 | D:9      | Killed Josephine
 23671 | D:9      | Killed Erica
 23975 | D:10     | Noticed Psyche
 23981 | D:10     | Killed Psyche
 24041 | D:10     | Found a staircase to the Orcish Mines.
 24311 | D:10     | Noticed Gastronok
 24335 | D:10     | Killed Gastronok
 24525 | D:11     | Found a flagged portal.
 24570 | Bailey   | Entered a bailey
 24946 | Bailey   | Got a faintly humming robe
 24957 | Bailey   | Identified the +3 robe "Goipoela" {rPois rN+ Dex+3} (You found it in a bailey)
 25134 | D:11     | Reached skill level 10 in Long Blades
 26001 | Orc:1    | Entered Level 1 of the Orcish Mines
 26230 | Orc:2    | Entered Level 2 of the Orcish Mines
 26269 | Orc:2    | Found a staircase to the Elven Halls.
 26332 | Orc:2    | Found a dark tunnel.
 26345 | Volcano  | Entered a volcano
 26484 | Volcano  | Found a bloodstained altar of Trog.
 27617 | Orc:1    | Noticed an orc warlord
 27649 | Orc:1    | Killed from afar by a deep elf knight

Skill      XL: |  1  2  3  4  5  6  7  8  9 10 11 12 13 |
---------------+----------------------------------------+-----
Ice Magic      | 3 4 5 6 8 10 11 13 | 13.0
Spellcasting   | 2 3 5 7 |  7.0
Shields        | 2 3 4 |  4.0
Conjurations   | 1 2 4 6 |  6.0
Dodging        | 4 8 9 |  9.0
Fighting       | 2 7 8 |  8.6
Long Blades    | 6 11 | 11.1
Stealth        | |  1.7

Action                   |  1- 3 |  4- 6 |  7- 9 | 10-12 | 13-15 || total
-------------------------+-------+-------+-------+-------+-------++-------
Melee: Unarmed           |    15 |       |       |       |       ||    15
       Mace              |     1 |       |       |       |       ||     1
       Dagger            |    27 |   211 |   409 |       |       ||   647
       Long sword        |       |       |    27 |   491 |    77 ||   595
       Double sword      |       |       |       |    36 |   296 ||   332
 Cast: Freeze            |    45 |    14 |    26 |   118 |    15 ||   218
       Throw Frost       |       |     5 |     8 |    14 |    17 ||    44
       Throw Icicle      |       |       |    20 |    51 |    38 ||   109
       Summon Ice Beast  |       |       |    38 |   156 |    36 ||   230
       Ozocubu's Armour  |       |       |       |    51 |    26 ||    77
Evoke: Wand              |       |       |       |       |     4 ||     4
  Use: Scroll            |       |     3 |     8 |    14 |    13 ||    38
       Potion            |       |       |     2 |     1 |     1 ||     4
 Stab: Sleeping          |       |     6 |     3 |     2 |     2 ||    13
       Distracted        |       |     1 |     1 |     6 |     3 ||    11
  Eat: Chunk             |     1 |    10 |    18 |    45 |    19 ||    93
       Fruit             |       |       |     4 |     4 |     5 ||    13
       Meat ration       |       |       |     2 |       |       ||     2
       Beef jerky        |       |       |     1 |       |       ||     1
       Pizza             |       |       |       |     1 |       ||     1
       Royal jelly       |       |       |       |     1 |       ||     1
Armor: Robe              |    26 |    61 |   170 |   342 |   136 ||   735
Dodge: Dodged            |    64 |   115 |   276 |   704 |   306 ||  1465
Block: Buckler           |     2 |    24 |   124 |   232 |   109 ||   491
       Rpst.: Long sword |       |       |     5 |   194 |    22 ||   221
       Double sword      |       |       |       |    10 |    61 ||    71
